 Dungeon Crawl Stone Soup version 0.24.1-8-ga250c9d538 (webtiles) character file.

Game seed: 10174059454129020356, levelgen mode: deterministic

86 Hugehornet the Distorting Demonspawn (level 4, 0/35 HPs)
             Began as a Demonspawn Abyssal Knight on Apr 28, 2020.
             Was a Believer of Lugonu.
             Slain by an iguana (7 damage)
             ... on level 3 of the Dungeon.
             The game lasted 00:03:13 (1648 turns).

Hugehornet the Distorting Demonspawn (DsAK)         Turns: 1648, Time: 00:03:13

Health: 0/35       AC:  5    Str: 12    XL:     4   Next: 27%
Magic:  6/6        EV: 12    Int: 15    God:    Lugonu [**....]
Gold:   61         SH:  0    Dex: 12    Spells: 3/3 levels left

rFire    . . .     SeeInvis .   a - +1 falchion
rCold    . . .     Gourm    .   (no shield)
rNeg     . . .     Faith    .   l - +0 ring mail (curse)
rPois    .         Spirit   .   (no helmet)
rElec    .         Reflect  .   (no cloak)
rCorr    .         Harm     .   (no gloves)
MR       .....                  (no boots)
Stlth    +.........             (no amulet)
HPRegen  0.11/turn              o - +2 ring of evasion
MPRegen  0.10/turn              (no ring)

@: no status effects
A: claws 1, powered by pain 1
a: Depart the Abyss, Bend Space, Renounce Religion


You were on level 3 of the Dungeon.
You worshipped Lugonu.
Lugonu was pleased with you.
You were not hungry.

You visited 1 branch of the dungeon, and saw 4 of its levels.
You visited the Abyss 1 time.

You collected 61 gold pieces.

Inventory:

Hand Weapons
 a - a +1 falchion (weapon)
Armour
 b - a +0 leather armour
 i - a +0 chain mail
 l - a cursed +0 ring mail (worn)
Jewellery
 o - a +2 ring of evasion (left claw)
Scrolls
 e - a scroll of teleportation {unknown}
 f - a scroll of random uselessness {unknown}
 g - a scroll of magic mapping {unknown}
 h - 2 scrolls of noise {unknown}
 j - a scroll of identify {unknown}
 k - a scroll of immolation {unknown}
Potions
 d - a potion of curing {unknown}
 m - a potion of degeneration {unknown}
 n - a potion of agility {unknown}
 p - a potion of mutation {unknown}
Comestibles
 c - 5 rations


   Skills:
 + Level 3.3 Fighting
 * Level 2.6 Long Blades
 * Level 2.5 Armour
 + Level 1.6 Dodging
 * Level 3.4 Invocations


You had 3 spell levels left.
You didn't know any spells.
Your spell library was empty.

Dungeon Overview and Level Annotations

Branches:
Dungeon (4/15)
 Temple: D:4-7

Altars:


Innate Abilities, Weirdness & Mutations

You have sharp fingernails.
You sometimes gain a little power by taking damage.


Message History

The iguana closely misses you.
The iguana bites you but does no damage.
You hit the iguana.
The iguana is heavily wounded.
The iguana closely misses you.
You hit the iguana.
The iguana is severely wounded.
The iguana closely misses you.
You riposte.
You closely miss the iguana.
The iguana is severely wounded.
You hit the iguana but do no damage.
The iguana is severely wounded.
The iguana bites you.
* * * LOW HITPOINT WARNING * * *
You barely miss the iguana.
The iguana is severely wounded.
The iguana misses you.
You hit the iguana but do no damage.
The iguana is severely wounded.
The iguana bites you!
You die...

###≈≈# ###≈≈≈#####
#≈≈≈###########
#####≈≈≈≈≈#
#≈≈≈≈≈############
###≈≈#######≈≈≈≈≈≈.#
#≈≈≈#≈≈≈≈≈≈≈≈≈≈###.#
#################..#
#.#######.##
......l@..#
###########


You could see an iguana.

Vanquished Creatures
  A bullfrog skeleton (D:4)
  2 adders
  2 leopard geckos (D:3)
  4 giant cockroaches
  2 goblins
  4 hobgoblins
  6 jackals
  A kobold (D:2)
  A quokka (D:2)
  6 bats
  2 frilled lizards
  8 rats
39 creatures vanquished.

Notes
Turn   | Place    | Note
-------+----------+-------------------------------------------
     0 | Abyss:1  | Hugehornet the Demonspawn Abyssal Knight began the quest
                  | for the Orb.
     0 | Abyss:1  | Reached XP level 1. HP: 18/18 MP: 2/2
    28 | D:1      | Escaped the Abyss
   110 | D:1      | Reached skill level 1 in Dodging
   208 | D:1      | Gained mutation: You sometimes gain a little power by
                  | taking damage. [demonic ancestry]
   208 | D:1      | Reached XP level 2. HP: 23/24 MP: 4/4
   868 | D:2      | Reached ** piety under Lugonu
   922 | D:2      | Reached XP level 3. HP: 27/29 MP: 5/5
   976 | D:2      | You fall into a shaft and drop 2 floors!
  1019 | D:4      | Noticed a scorpion
  1022 | D:4      | Gained mutation: You have sharp fingernails. [demonic
                  | ancestry]
  1022 | D:4      | Reached XP level 4. HP: 23/35 MP: 6/6
  1648 | D:3      | Slain by an iguana

Levels and vault maps discovered:
D:1:      minmay_arrival_glassed_features, layout_loops_cross
D:2:      layout_basic
D:3:      layout_basic, first_ration, chequers_serial_rivers_large_b
D:4:      layout_loops_ring, serial_shops, nicolae_shop_stone, minmay_quantized

Skill      XL: |  1  2 |
---------------+-------+-----
Dodging        | 1 |  1.6
Armour         | 2 |  2.5
Long Blades    | 2 |  2.6
Invocations    | 3 |  3.4
Fighting       | |  3.3

Action                   |  1- 3 |  4- 6 || total
-------------------------+-------+-------++-------
Melee: Falchion          |    81 |    31 ||   112
Invok: Bend Space        |       |     1 ||     1
  Eat: Ration            |       |     1 ||     1
Armor: Leather armour    |    19 |       ||    19
       Ring mail         |     9 |    14 ||    23
Dodge: Dodged            |    57 |    34 ||    91
       Rpst.: Falchion   |    19 |    15 ||    34
